 Dungeon Crawl Stone Soup version 0.30.1-4-g462c640d31 (webtiles) character file.

Game seed: 415723276806952259

18 Peloso the Covered (level 2, 0/27 HPs)
             Began as a Minotaur Fighter on Sept 11, 2023.
             Slain by a worm (7 damage)
             ... on level 2 of the Dungeon.
             The game lasted 00:01:20 (427 turns).

Peloso the Covered (Minotaur Fighter)                Turns: 427, Time: 00:01:20

Health: 0/27       AC:  7    Str: 20    XL:     2   Next: 51%
Magic:  1/1        EV:  9    Int:  5    God:
Gold:   38         SH:  4    Dex:  9    Spells: 1/1 levels left

rFire   + . .        a - +0 long sword
rCold   + . .        d - +0 buckler
rNeg    . . .        b - +0 scale mail
rPois   .            (helmet restricted)
rElec   .            h - scarf {rC+ rF+}
rCorr   .            (no gloves)
SInv    .            (no boots)
Will    .....        (no amulet) Stlth
                     (no ring)
HPRegen 0.24/turn    (no ring)
MPRegen 0.07/turn

%: no passive effects
@: no status effects
A: horns 2, retaliatory headbutt
a: no special abilities


You were on level 2 of the Dungeon.
You visited 1 branch of the dungeon, and saw 2 of its levels.

You collected 38 gold pieces.

Inventory:

Hand Weapons
 a - a +0 long sword (weapon)
Missiles
 c - 4 stones (quivered)
Armour
 b - a +0 scale mail (worn)
 d - a +0 buckler (worn)
 g - +0 gold dragon scales
 h - a scarf of resistance (worn)
Scrolls
 e - 2 scrolls of teleportation {unknown}
Potions
 f - a potion of might
 i - a potion of curing {unknown}


   Skills:
 + Level 3.9 Fighting
 + Level 2.6 Long Blades
 + Level 4.1 Armour
 + Level 0.1 Dodging
 + Level 0.2 Stealth
 + Level 3.8 Shields


You had one spell level left.
You didn't know any spells.
Your spell library was empty.

Dungeon Overview and Level Annotations

Branches:
Dungeon (1/15)

Altars:


Innate Abilities, Weirdness & Mutations

You have a pair of horns on your head.
You reflexively headbutt those who attack you in melee.


Message History

You slash the worm! You headbutt the worm!
The worm is almost dead.
The worm bites you. The rat bites you but does no damage.
Unknown command.
You block the bat's attack.
You see here a +0 cloak.
The bat attacks as you move away! The bat hits you. The bat closely misses you.
The bat completely misses you.
The rat twitches its whiskers.
You block the bat's attack. The bat hits you but does no damage.
You barely miss the bat. Your headbutt misses the bat.
The bat hits you but does no damage. The bat barely misses you.
You furiously retaliate!
You headbutt the bat!
You kill the bat!
You hit the endoplasm but do no damage. You headbutt the endoplasm.
You kill the endoplasm!
The rat bites you but does no damage.
You see here a bat corpse.
You closely miss the rat. The rat bites you but does no damage.
The rat bites you.
You closely miss the rat. The rat barely misses you. You furiously retaliate!
You headbutt the rat.
You kill the rat!
The worm bites you!
You hit the worm.
The worm is heavily wounded.
You block the worm's attack.
You barely miss the worm.
The worm is heavily wounded.
You hit the worm.
The worm is severely wounded.
The worm barely misses you.
You barely miss the worm.
The worm is heavily wounded.
The worm bites you!
* * * LOW HITPOINT WARNING * * *
You hit the worm but do no damage. You headbutt the worm.
The worm is severely wounded.
The worm bites you!
You die...

#.....#.#.#
#...#..#.#
#....#..##..#
#.........#
#.#...#.###
#.#.### #...#
###[#########
#w@†......#
#########.#
#.# ##.##
##...##
###.....###
#...........
#.#.....####
#.##...##


You could see a worm.

Vanquished Creatures
  4 bats
  2 endoplasms
  2 giant cockroaches (D:1)
  4 hobgoblins (D:1)
  A quokka (D:1)
  A ball python (D:1)
  A kobold (D:1)
  A rat (D:2)
16 creatures vanquished.

Notes
Turn   | Place    | Note
-------+----------+-------------------------------------------
     0 | D:1      | Peloso the Minotaur Fighter began the quest for the Orb.
     0 | D:1      | Reached XP level 1. HP: 19/19 MP: 0/0
   210 | D:1      | Reached XP level 2. HP: 26/27 MP: 1/1
   306 | D:1      | Reached skill level 4 in Armour
   368 | D:1      | You fall into a shaft and drop 1 floor!
   427 | D:2      | Slain by a worm

Illustrated notes

Levels and vault maps discovered:
D:1:      roderic_crop_circles_arrival_small, layout_basic
D:2:      layout_loops_ring, basic_altar, ebering_ecumenical_altar_mist,
          minmay_strange_pillars, minmay_increasing_density

Skill      XL: |  1  2 |
---------------+-------+-----
Armour         | 4 |  4.1
Fighting       | |  3.9
Long Blades    | |  2.6
Dodging        | |  0.1
Stealth        | |  0.2
Shields        | |  3.8

Action                     || total
---------------------------++-------
  Melee: Long sword        ||    45
         Headbutt          ||     9
 Armour: Scale mail        ||    20
  Dodge: Dodged            ||    28
  Block: Buckler           ||     6
